Map: Ever Dream LE

Players

RiSky - Winner!

  • Race: Zerg Zerg
  • Spawn Location: 7:00

NXZ

  • Race: Zerg Zerg
  • Spawn Location: 1:00

Event: DreamHack SC2 Masters 2020 Summer Oceania RoA

VOD

Have the link to the VOD?

Description

Time

  • Played on: June 25, 2020, 4:28 a.m.
  • Length: 9:37

All games in this series

Show
View Real Time Build Order
Export as new Build Order

RiSky Zerg - Winner!

Build Orders: Hatch First, Zergling Baneling 

Get SALT Encoding   

  12  0:00  Drone  
  13  0:12  Overlord  
  13  0:16  Drone  
  14  0:30  Drone x2  
  16  0:47  Hatchery  
  15  0:50  Drone  
  15  0:54  Drone  
  17  1:08  Spawning Pool  
  17  1:10  Drone  
  17  1:14  Drone  
  17  1:18  Extractor  
  17  1:19  Drone  
  18  1:28  Drone  
  19  1:39  Drone  
  20  1:49  Overlord  
  20  1:55  Queen  
  20  1:59  Zergling x2, Queen  
  20  2:01  Zergling x2  
  26  2:10  Drone x2  
  28  2:21  Drone x2  
  30  2:28  Metabolic Boost  
  30  2:34  Hatchery  
  29  2:39  Drone  
  29  2:40  Drone  
  31  2:47  Drone, Baneling Nest  
  31  2:53  Drone  
  31  2:56  Overlord  
  32  3:00  Drone  
  33  3:06  Drone  
  33  3:08  Zergling x4  
  36  3:15  Drone x4  
  36  3:17  Zergling x4  
  42  3:26  Zergling x2  
  43  3:28  Queen  
  43  3:31  Baneling x3  
  43  3:32  Baneling  
  44  3:35  Overlord  
  44  3:40  Spine Crawler  
  43  3:45  Baneling  
  43  3:46  Zergling x2  
  43  3:47  Zergling x6  
  47  3:52  Zergling x4  
  47  3:54  Baneling  
  48  4:00  Zergling x10  
  49  4:10  Queen  
  49  4:12  Zergling x4  
  49  4:13  Zergling x2  
  52  4:18  Zergling x2  
  52  4:19  Queen  
  55  4:24  Zergling x4  
  56  4:32  Zergling x2  
  50  4:38  Baneling x2  
  50  4:39  Baneling, Drone  
  50  4:48  Zergling x6  
  50  4:49  Queen x2  
  54  4:53  Drone  
  54  4:58  Drone x2  
  54  5:01  Drone  
  54  5:05  Zergling x4  
  54  5:06  Evolution Chamber  
  51  5:11  Zergling x6  
  52  5:15  Baneling x3  
  52  5:18  Zergling x2  
  52  5:21  Baneling x2  
  53  5:26  Zergling x6  
  56  5:30  Baneling x3  
  56  5:35  Zergling x2  
  57  5:39  Overlord  
  57  5:41  Overlord  
  57  5:47  Zergling x2  
  57  5:49  Baneling x2  
  57  5:50  Overlord  
  57  5:52  Overlord  
  57  5:55  Overlord  
  57  5:58  Overlord  
  57  6:02  Drone x2  
  56  6:08  Drone x3  
  59  6:13  Drone x2  
  61  6:20  Drone  
  61  6:22  Baneling x3  
  61  6:23  Drone  
  61  6:25  Drone  
  63  6:26  Drone  
  63  6:27  Drone  
  63  6:28  Drone  
  63  6:30  Drone  
  63  6:32  Drone  
  68  6:34  Drone  
  68  6:39  Drone  
  66  6:42  Extractor  
  66  6:43  Drone  
  66  6:45  Roach Warren, Drone, Extractor  
  65  6:51  Zergling x8  
  65  6:54  Zerg Missile Weapons Level 1  
  65  6:58  Zergling x8  
  67  7:02  Zergling x4  
  67  7:06  Zergling x2  
  70  7:09  Zergling x2  
  71  7:15  Drone  
  71  7:18  Drone x4  
  71  7:20  Overlord  
  71  7:21  Drone  
  77  7:24  Overlord  
  77  7:26  Drone  
  77  7:27  Baneling x3  
  77  7:28  Overlord  
  78  7:30  Drone  
  78  7:35  Drone x5  
  83  7:39  Lair  
  83  7:41  Overlord  
  83  7:48  Overlord  
  82  7:53  Drone x4, Extractor x2  
  82  7:54  Drone x2  
  82  7:55  Drone  
  82  7:58  Roach  
  89  8:04  Drone x3  
  96  8:05  Roach x2  
  96  8:11  Overlord  
  100  8:12  Roach  
  100  8:13  Roach  
  100  8:14  Roach  
  100  8:16  Roach  
  100  8:18  Roach  
  104  8:27  Roach x2  
  104  8:28  Roach  
  104  8:31  Roach x3  
  116  8:38  Roach x4  
  124  8:45  Roach  
  124  8:46  Roach x3  
  134  8:48  Roach  
  134  8:51  Hatchery  
  134  8:52  Roach  
  132  8:58  Roach x3  
  132  9:00  Roach x2  
  141  9:03  Roach x2  
  141  9:04  Baneling x3  
  144  9:12  Roach  
  144  9:16  Roach  
  145  9:19  Extractor  
Show
View Real Time Build Order
Export as new Build Order

NXZ Zerg 

Build Orders: Hatch First, Zergling Baneling 

Get SALT Encoding   

  12  0:00  Drone  
  13  0:13  Overlord  
  13  0:17  Drone  
  14  0:31  Drone x2  
  16  0:47  Hatchery  
  15  0:51  Drone  
  15  0:54  Drone  
  17  0:58  Drone  
  18  1:08  Extractor  
  17  1:13  Spawning Pool  
  17  1:16  Drone  
  17  1:19  Drone  
  18  1:28  Drone  
  19  1:39  Drone  
  20  1:50  Drone  
  21  2:00  Queen x2  
  21  2:01  Overlord  
  25  2:02  Zergling x2  
  26  2:10  Metabolic Boost  
  26  2:11  Drone x2  
  28  2:21  Drone  
  28  2:22  Drone  
  30  2:33  Hatchery  
  30  2:35  Zergling x2  
  30  2:39  Drone  
  31  2:44  Overlord  
  31  2:46  Drone  
  32  2:53  Baneling Nest  
  32  2:54  Zergling x2  
  32  3:04  Zergling x4  
  34  3:08  Zergling x2  
  34  3:09  Zergling x8  
  39  3:14  Zergling x4  
  39  3:18  Zergling x2  
  43  3:20  Zergling x2  
  43  3:34  Zergling x2  
  44  3:36  Baneling x2  
  44  3:37  Baneling x2  
  44  3:45  Zergling x2  
  44  3:46  Zergling x10  
  44  3:47  Overlord  
  48  3:56  Baneling x3  
  46  4:07  Zergling x12  
  51  4:11  Baneling  
  51  4:12  Baneling  
  47  4:17  Zergling x12  
  47  4:24  Zergling x4  
  53  4:31  Zergling x6  
  56  4:38  Baneling x2  
  51  4:47  Zergling x8  
  48  4:57  Zergling x2  
  48  4:58  Zergling x14  
  53  5:03  Zergling x4  
  53  5:06  Zergling x2  
  50  5:13  Baneling x4  
  49  5:15  Zergling x4  
  49  5:17  Baneling  
  49  5:20  Zergling x2  
  52  5:25  Drone x2  
  52  5:28  Drone x2  
  53  5:29  Drone  
  53  5:32  Drone  
  51  5:43  Drone x5  
  51  5:47  Drone  
  51  5:48  Drone  
  55  5:52  Overlord  
  50  5:59  Zergling x6  
  48  6:06  Zergling x4  
  48  6:07  Overlord  
  50  6:14  Zergling x10  
  50  6:15  Evolution Chamber  
  54  6:24  Zergling x4  
  54  6:31  Zergling x6  
  54  6:32  Queen  
  56  6:38  Zergling x14  
  55  6:40  Zergling x2  
  55  6:48  Zergling x4  
  55  6:51  Zergling x2  
  52  6:59  Zerg Melee Weapons Level 1  
  52  7:00  Lair  
  52  7:02  Drone x3  
  52  7:04  Drone  
  52  7:05  Drone x2, Extractor  
  57  7:14  Drone x5  
  61  7:19  Drone  
  62  7:24  Overlord x2  
  62  7:25  Extractor  
  60  7:30  Drone  
  60  7:41  Drone x5  
  65  7:47  Drone  
  65  7:48  Drone x2  
  68  7:53  Extractor  
  68  7:58  Overlord  
  67  8:00  Drone x6  
  67  8:01  Spire  
  67  8:02  Extractor  
  67  8:04  Extractor  
  70  8:08  Overlord x2  
  70  8:12  Drone x5  
  75  8:19  Overlord  
  74  8:46  Spine Crawler x2  
  74  8:47  Spine Crawler  
  71  8:50  Zergling x28  
  71  8:53  Zergling x2  
  86  8:57  Zergling x2  
  81  9:03  Overlord  
  81  9:04  Spine Crawler x2  
Tags
 
Add a new tag
Caveats
  • Supply blocks, unpowered buildings, or Contaminate may cause inaccurate times.
  • Supply counts are checked every 10 seconds.